SAAA
CALGARY LYNX @ JERSEY CITY SUN CAPS
08/05/2021
 
TOP OF THE 1ST
Calgary Lynx batting - Pitching for Jersey City Sun Caps : RHP Aurelio López
Pitching: RHP Aurelio López
Batting: RHB Alfredo Méndez 0-0: Ball
1-0: Ground out 1-3 (Groundball, 13S)
Batting: RHB Danny Walsh 0-0: Foul Ball, location: 2F
0-1: Swinging Strike
0-2: DOUBLE (Line Drive, 7LM)
Batting: RHB Edmund Gallagher 0-0: Ball
1-0: Called Strike
1-1: Ball
2-1: Called Strike
2-2: SINGLE (Line Drive, 56D)
Danny Walsh to third
Batting: LHB José Alonso 0-0: Called Strike
0-1: Fly out, F6 (Popup, 56)
Batting: RHB Carl Good 0-0: Swinging Strike
0-1: Ball
1-1: Called Strike
1-2: 3-RUN HOME RUN (Flyball, 7D), Distance : 377 ft
Batting: RHB Tony Farquharson 0-0: Ball
1-0: Called Strike
1-1: Ball
2-1: SINGLE (Flyball, 8RS)
Batting: SHB Dustin Tucker 0-0: Swinging Strike
0-1: Ball
1-1: Ball
2-1: Foul Ball, location: 2F
2-2: Ground out 4-3 (Groundball, 4S)
Top of the 1st over - 3 run(s), 4 hit(s), 0 error(s), 1 left on base; Calgary 3 - Jersey City 0
BOTTOM OF THE 1ST
Jersey City Sun Caps batting - Pitching for Calgary Lynx : RHP José Trujillo
Pitching: RHP José Trujillo
Batting: RHB Eddie O'Bryan 0-0: Hit by Pitch
Batting: RHB Jonah Moody 0-0: Ball
1-0: Foul Ball, location: 2F
1-1: Ball
2-1: Ball
3-1: Swinging Strike
3-2: Base on Balls
Eddie O'Bryan to second
Batting: RHB Micheal Murdoch 0-0: Ball
Wild Pitch!
Eddie O'Bryan to third
Jonah Moody to second
1-0: Foul Ball, location: 2F
1-1: Ball
2-1: Foul Ball, location: 2F
2-2: Ball
3-2: Foul Ball, location: 2F
3-2: Foul Ball, location: 2F
3-2: Ground out 5-3 (Groundball, 5S)
Batting: RHB Christian O'Neal 0-0: Called Strike
0-1: Foul Ball, location: 2F
0-2: Ball
1-2: Ball
2-2: Foul Ball, location: 2F
2-2: Ball
3-2: SINGLE (Groundball, 23) (infield hit)
Batting: RHB Christian O'Dell 0-0: Ball
1-0: Fly out, F9 (Line Drive, 89M)
Runner from 3rd tags up, SCORES, throw made
Batting: LHB Harlan Price 0-0: Called Strike
0-1: DOUBLE (Flyball, 78D)
Jonah Moody scores
Christian O'Neal to third
Batting: LHB Jesús Pérez 0-0: Ball
1-0: Ground out 4-3 (Groundball, 4)
Bottom of the 1st over - 2 run(s), 2 hit(s), 0 error(s), 2 left on base; Calgary 3 - Jersey City 2
TOP OF THE 2ND
Calgary Lynx batting - Pitching for Jersey City Sun Caps : RHP Aurelio López
Batting: RHB Jim Browning 0-0: Bunt for hit - play at first, batter safe!
Batting: RHB Forest Simmons 0-0: Foul Ball, location: 2F
0-1: Ball
1-1: Foul Ball, location: 2F
1-2: Strikes out looking
Batting: RHB Alfredo Méndez 0-0: Ball
1-0: Ball
2-0: Foul Ball, location: 2F
2-1: Ball
3-1: Base on Balls
Jim Browning to second
Batting: RHB Danny Walsh 0-0: Called Strike
0-1: Ground out 5-3 (Groundball, 56S)
Jim Browning to third
Alfredo Méndez to second
Batting: RHB Edmund Gallagher 0-0: Ball
1-0: Ball
2-0: Foul Ball, location: 2F
2-1: Fly out, F9 (Flyball, 9LM)
Top of the 2nd over - 0 run(s), 1 hit(s), 0 error(s), 2 left on base; Calgary 3 - Jersey City 2
BOTTOM OF THE 2ND
Jersey City Sun Caps batting - Pitching for Calgary Lynx : RHP José Trujillo
Batting: RHB Chris Lowe 0-0: Fly out, F9 (Flyball, 9LM)
Batting: SHB Dominique Prost 0-0: SINGLE (Line Drive, 34D)
Batting: RHB Eddie O'Bryan 0-0: Called Strike
0-1: Foul Ball, location: 2F
0-2: Ball
1-2: Ball
2-2: SINGLE (Groundball, 56D)
Dominique Prost to second
Batting: RHB Jonah Moody 0-0: Ball
1-0: Ball
2-0: Fly out, F7 (Flyball, 78M)
Batting: RHB Micheal Murdoch 0-0: Ball
1-0: Ground out 5-3 (Groundball, 56)
Bottom of the 2nd over - 0 run(s), 2 hit(s), 0 error(s), 2 left on base; Calgary 3 - Jersey City 2
TOP OF THE 3RD
Calgary Lynx batting - Pitching for Jersey City Sun Caps : RHP Aurelio López
Batting: LHB José Alonso 0-0: Called Strike
0-1: SINGLE (Line Drive, 4M)
Batting: RHB Carl Good 0-0: Ball
1-0: Swinging Strike
1-1: Foul Ball, location: 2F
1-2: Ball
2-2: Foul Ball, location: 2F
2-2: Fielders Choice at 2nd, 6-4 (Groundball, 6M)
Batting: RHB Tony Farquharson 0-0: DOUBLE (Line Drive, 8RD)
Carl Good to third
Batting: SHB Dustin Tucker 0-0: Ball
1-0: Swinging Strike
1-1: Foul Ball, location: 2F
1-2: Ball
2-2: SINGLE (Groundball, 5D)
Carl Good scores
Tony Farquharson to third
Batting: RHB Jim Browning 0-0: Called Strike
0-1: Called Strike
0-2: Ball
1-2: Ball
2-2: Ball
3-2: Foul Ball, location: 2F
3-2: Strikes out swinging
Batting: RHB Forest Simmons 0-0: Ball
1-0: Ball
2-0: Ball
3-0: Base on Balls
Dustin Tucker to second
Batting: RHB Alfredo Méndez 0-0: Ball
1-0: Ball
2-0: Foul Ball, location: 2F
2-1: Foul Ball, location: 2F
2-2: Foul Ball, location: 2F
2-2: Ball
3-2: Foul Ball, location: 2F
3-2: Fly out, F7 (Flyball, 7D)
Top of the 3rd over - 1 run(s), 3 hit(s), 0 error(s), 3 left on base; Calgary 4 - Jersey City 2
BOTTOM OF THE 3RD
Jersey City Sun Caps batting - Pitching for Calgary Lynx : RHP José Trujillo
Batting: RHB Christian O'Neal 0-0: Swinging Strike
0-1: Fly out, F9 (Flyball, 9LM)
Batting: RHB Christian O'Dell 0-0: Called Strike
0-1: Called Strike
0-2: SINGLE (Groundball, 56D)
Batting: LHB Harlan Price 0-0: Foul Ball, location: 2F
0-1: Foul Ball, location: 2F
0-2: Ball
1-2: Foul Ball, location: 2F
1-2: Fly out, F8 (Flyball, 8RD)
Batting: LHB Jesús Pérez 0-0: Ball
1-0: Fly out, F4 (Line Drive, 4)
Bottom of the 3rd over - 0 run(s), 1 hit(s), 0 error(s), 1 left on base; Calgary 4 - Jersey City 2
TOP OF THE 4TH
Calgary Lynx batting - Pitching for Jersey City Sun Caps : RHP Aurelio López
Batting: RHB Danny Walsh 0-0: Ball
1-0: Fly out, F3 (Popup, 3DF)
Batting: RHB Edmund Gallagher 0-0: Called Strike
0-1: Ground out 5-3 (Groundball, 5L)
Batting: LHB José Alonso 0-0: Fly out, F8 (Flyball, 8LD)
Top of the 4th over - 0 run(s), 0 hit(s), 0 error(s), 0 left on base; Calgary 4 - Jersey City 2
BOTTOM OF THE 4TH
Jersey City Sun Caps batting - Pitching for Calgary Lynx : RHP José Trujillo
Batting: RHB Chris Lowe 0-0: Ball
1-0: Ground out 6-3 (Groundball, 6M)
Batting: SHB Dominique Prost 0-0: Ball
1-0: Ball
2-0: Foul Ball, location: 2F
2-1: Swinging Strike
2-2: Ground out 4-3 (Groundball, 4)
Batting: RHB Eddie O'Bryan 0-0: Called Strike
0-1: Ball
1-1: Ball
2-1: Ball
3-1: Base on Balls
Batting: RHB Jonah Moody 0-0: Ball
1-0: Ball
2-0: Called Strike
2-1: Swinging Strike
2-2: Foul Ball, location: 2F
2-2: Ball
3-2: Foul Ball, location: 2F
3-2: Base on Balls
Eddie O'Bryan to second
Batting: RHB Micheal Murdoch 0-0: Called Strike
0-1: Ground out 1-3 (Groundball, 13)
Bottom of the 4th over - 0 run(s), 0 hit(s), 0 error(s), 2 left on base; Calgary 4 - Jersey City 2
TOP OF THE 5TH
Calgary Lynx batting - Pitching for Jersey City Sun Caps : RHP Aurelio López
Batting: RHB Carl Good 0-0: Foul Ball, location: 2F
0-1: Ball
1-1: Foul Ball, location: 2F
1-2: Foul Ball, location: 2F
1-2: Foul Ball, location: 2F
1-2: Foul Ball, location: 2F
1-2: Foul Ball, location: 2F
1-2: Foul Ball, location: 2F
1-2: Foul Ball, location: 2F
1-2: Fly out, F7 (Line Drive, 7M)
Batting: RHB Tony Farquharson 0-0: Called Strike
0-1: Ground out 5-3 (Groundball, 56)
Batting: SHB Dustin Tucker 0-0: Ball
1-0: Swinging Strike
1-1: Swinging Strike
1-2: Ball
2-2: Foul Ball, location: 2F
2-2: Ball
3-2: Fly out, F7 (Line Drive, 7S)
Top of the 5th over - 0 run(s), 0 hit(s), 0 error(s), 0 left on base; Calgary 4 - Jersey City 2
BOTTOM OF THE 5TH
Jersey City Sun Caps batting - Pitching for Calgary Lynx : RHP José Trujillo
Batting: RHB Christian O'Neal 0-0: Called Strike
0-1: Ball
1-1: Called Strike
1-2: Strikes out swinging
Batting: RHB Christian O'Dell 0-0: Ball
1-0: Ball
2-0: Ball
3-0: Called Strike
3-1: DOUBLE (Flyball, 8RD)
Batting: LHB Harlan Price 0-0: Called Strike
0-1: Ball
1-1: DOUBLE (Line Drive, 78M)
Christian O'Dell scores
Batting: LHB Jesús Pérez 0-0: Ball
1-0: Called Strike
1-1: Fly out, F7 (Flyball, 7M)
Batting: RHB Chris Lowe 0-0: Ball
1-0: Foul Ball, location: 2F
1-1: Called Strike
1-2: Ball
2-2: Ball
3-2: Ground out U3 (Groundball, 3S)
Bottom of the 5th over - 1 run(s), 2 hit(s), 0 error(s), 1 left on base; Calgary 4 - Jersey City 3
TOP OF THE 6TH
Calgary Lynx batting - Pitching for Jersey City Sun Caps : RHP Aurelio López
Batting: RHB Jim Browning 0-0: Called Strike
0-1: Ball
1-1: Ground out 6-3 (Groundball, 6)
Batting: RHB Forest Simmons 0-0: Ball
1-0: Ball
2-0: Called Strike
2-1: Foul Ball, location: 2F
2-2: Ball
3-2: Base on Balls
Batting: RHB Alfredo Méndez 0-0: Ball
1-0: Ball
2-0: Foul Ball, location: 2F
2-1: Fly out, F4 (Popup, 3D)
Pitching: LHP Spike Wells
Batting: RHB Danny Walsh 0-0: Ball
1-0: Foul Ball, location: 2F
1-1: Ball
2-1: Foul Ball, location: 2F
2-2: Strikes out swinging
Top of the 6th over - 0 run(s), 0 hit(s), 0 error(s), 1 left on base; Calgary 4 - Jersey City 3
BOTTOM OF THE 6TH
Jersey City Sun Caps batting - Pitching for Calgary Lynx : RHP José Trujillo
Batting: SHB Dominique Prost 0-0: Foul Ball, location: 2F
0-1: Foul Ball, location: 2F
0-2: Ball
1-2: Strikes out swinging
Batting: RHB Eddie O'Bryan 0-0: Foul Ball, location: 2F
0-1: Ball
1-1: Foul Ball, location: 2F
1-2: Foul Ball, location: 2F
1-2: Strikes out swinging
Pitching: RHP Ánibal Sánchez
Batting: RHB Jonah Moody 0-0: Ball
1-0: Ball
2-0: Ball
3-0: Base on Balls
Batting: RHB Micheal Murdoch 0-0: Ball
1-0: Fly out, F7 (Flyball, 7LS)
Bottom of the 6th over - 0 run(s), 0 hit(s), 0 error(s), 1 left on base; Calgary 4 - Jersey City 3
TOP OF THE 7TH
Calgary Lynx batting - Pitching for Jersey City Sun Caps : LHP Spike Wells
Batting: RHB Edmund Gallagher 0-0: Ball
1-0: Ball
2-0: Called Strike
2-1: Ground out 6-3 (Groundball, 6D)
Batting: LHB José Alonso 0-0: Called Strike
0-1: Ball
1-1: Ball
2-1: Foul Ball, location: 2F
2-2: Fly out, F9 (Popup, 3D)
Batting: RHB Carl Good 0-0: Ball
1-0: Swinging Strike
1-1: Ball
2-1: Ball
3-1: Base on Balls
Batting: RHB Tony Farquharson 0-0: Ball
1-0: Foul Ball, location: 2F
1-1: Ground out 5-3 (Groundball, 56S)
Top of the 7th over - 0 run(s), 0 hit(s), 0 error(s), 1 left on base; Calgary 4 - Jersey City 3
BOTTOM OF THE 7TH
Jersey City Sun Caps batting - Pitching for Calgary Lynx : RHP Ánibal Sánchez
Batting: RHB Christian O'Neal 0-0: Foul Ball, location: 2F
0-1: Called Strike
0-2: Strikes out swinging
Batting: RHB Christian O'Dell 0-0: Ball
1-0: Ball
2-0: Foul Ball, location: 2F
2-1: Foul Ball, location: 2F
2-2: Strikes out swinging
Batting: LHB Harlan Price 0-0: SOLO HOME RUN (Line Drive, 9D), Distance : 398 ft
Batting: LHB Jesús Pérez 0-0: Foul Ball, location: 2F
0-1: SINGLE (Line Drive, 8RS)
Pinch Hitting: LHB Miguel Martínez 0-0: Called Strike
0-1: Called Strike
0-2: Foul Ball, location: 2F
0-2: Ball
1-2: Foul Ball, location: 2F
1-2: Strikes out swinging
Bottom of the 7th over - 1 run(s), 2 hit(s), 0 error(s), 1 left on base; Calgary 4 - Jersey City 4
TOP OF THE 8TH
Calgary Lynx batting - Pitching for Jersey City Sun Caps : LHP Spike Wells
Now in CF: Anrrique Bolo
Batting: SHB Dustin Tucker 0-0: Ball
1-0: Ball
2-0: Called Strike
2-1: Ball
3-1: Foul Ball, location: 2F
3-2: Base on Balls
Batting: RHB Jim Browning 0-0: Bunted foul
0-1: Sac Bunt - play at first, batter OUT! 1-4
Dustin Tucker to second
Batting: RHB Forest Simmons 0-0: Swinging Strike
0-1: Foul Ball, location: 2F
0-2: Foul Ball, location: 2F
0-2: Ball
1-2: Foul Ball, location: 2F
1-2: Foul Ball, location: 2F
1-2: Ball
2-2: Foul Ball, location: 2F
2-2: Ball
3-2: SINGLE (Groundball, 4M)
Dustin Tucker to third
Batting: RHB Alfredo Méndez 0-0: Ball
1-0: Ground out 6-3 (Groundball, 6S)
Dustin Tucker scores
Forest Simmons to second
Batting: RHB Danny Walsh 0-0: Called Strike
0-1: Ball
1-1: Called Strike
1-2: Strikes out looking
Top of the 8th over - 1 run(s), 1 hit(s), 0 error(s), 1 left on base; Calgary 5 - Jersey City 4
BOTTOM OF THE 8TH
Jersey City Sun Caps batting - Pitching for Calgary Lynx : RHP Ánibal Sánchez
Pitching: RHP Clancy McKinney
Batting: SHB Dominique Prost 0-0: Ball
1-0: Foul Ball, location: 2F
1-1: Called Strike
1-2: Ball
2-2: Foul Ball, location: 2F
2-2: Ball
3-2: SINGLE (Groundball, 4M)
Batting: RHB Eddie O'Bryan 0-0: Bunted foul
0-1: Ball
1-1: Bunted foul
1-2: Foul Ball, location: 2F
1-2: Ball
2-2: Fly out, F2 (Popup, 25F)
Batting: RHB Jonah Moody 0-0: Ball
1-0: Bunted foul
1-1: Sac Bunt - play at first, batter OUT! 1-4
Dominique Prost to second
Batting: RHB Micheal Murdoch 0-0: Ball
Wild Pitch!
Dominique Prost to third
1-0: SINGLE (Groundball, 56D)
Dominique Prost scores
Batting: RHB Christian O'Neal 0-0: Called Strike
0-1: Ball
1-1: Swinging Strike
1-2: Ball
2-2: Ball
3-2: Base on Balls
Micheal Murdoch to second
Pinch Runner at 2nd Bryan Wilson:
Batting: RHB Christian O'Dell 0-0: Ball
1-0: Called Strike
1-1: Foul Ball, location: 2F
1-2: Ball
2-2: Fly out, F6 (Line Drive, 6M)
Bottom of the 8th over - 1 run(s), 2 hit(s), 0 error(s), 2 left on base; Calgary 5 - Jersey City 5
TOP OF THE 9TH
Calgary Lynx batting - Pitching for Jersey City Sun Caps : LHP Spike Wells
Pitching: RHP Jim Unknown
Now at 3B: Bryan Wilson
Batting: RHB Edmund Gallagher 0-0: Ground out 6-3 (Groundball, 6)
Batting: LHB José Alonso 0-0: Ball
1-0: Ground out 4-3 (Groundball, 4)
Batting: RHB Carl Good 0-0: Ground out 6-3 (Groundball, 6)
Top of the 9th over - 0 run(s), 0 hit(s), 0 error(s), 0 left on base; Calgary 5 - Jersey City 5
BOTTOM OF THE 9TH
Jersey City Sun Caps batting - Pitching for Calgary Lynx : RHP Clancy McKinney
Pitching: RHP Jim Unknown
Batting: LHB Harlan Price 0-0: Ball
1-0: Ball
2-0: Fly out, F8 (Flyball, 8LM)
Batting: LHB Jesús Pérez 0-0: Ball
1-0: Swinging Strike
1-1: Fly out, F7 (Flyball, 78M)
Pinch Hitting: RHB Tony Quintana 0-0: Foul Ball, location: 2F
0-1: Ball
1-1: Called Strike
1-2: Fly out, F9 (Flyball, 9M)
Bottom of the 9th over - 0 run(s), 0 hit(s), 0 error(s), 0 left on base; Calgary 5 - Jersey City 5
TOP OF THE 10TH
Calgary Lynx batting - Pitching for Jersey City Sun Caps : RHP Jim Unknown
Now in LF: Tony Quintana
Pinch Hitting: SHB Tom Craft 0-0: Called Strike
0-1: Swinging Strike
0-2: Ball
1-2: Ball
2-2: Ball
3-2: Foul Ball, location: 2F
3-2: Foul Ball, location: 2F
3-2: SINGLE (Line Drive, 34D)
Batting: SHB Dustin Tucker 0-0: Ball
1-0: Bunted foul
1-1: Ball
2-1: Bunted foul
2-2: Ball
3-2: Foul Ball, location: 2F
3-2: Strikes out looking
Tom Craft steals 2nd base
Batter strikes out.
Pinch Hitting: LHB Walter Kirk 0-0: Called Strike
0-1: Called Strike
0-2: Foul Ball, location: 2F
0-2: Ball
1-2: Foul Ball, location: 2F
1-2: Strikes out looking
Batting: RHB Forest Simmons 0-0: SINGLE (Line Drive, 8RS)
Tom Craft to third
Batting: RHB Alfredo Méndez 0-0: Ball
1-0: Ball
2-0: Called Strike
2-1: Foul Ball, location: 2F
2-2: SINGLE (Line Drive, 8RS)
Tom Craft scores
Forest Simmons to second
Runner from 2nd tries for 3rd, SAFE, throw made to third
Pitching: LHP Francisco Carrasco
Batting: RHB Danny Walsh 0-0: Ball
1-0: Swinging Strike
1-1: Ball
2-1: Ball
3-1: Foul Ball, location: 2F
3-2: Base on Balls
Alfredo Méndez to second
Batting: RHB Edmund Gallagher 0-0: Ball
1-0: Fielders Choice at 2nd, U6 (Groundball, 6M)
Top of the 10th over - 1 run(s), 3 hit(s), 0 error(s), 3 left on base; Calgary 6 - Jersey City 5
BOTTOM OF THE 10TH
Jersey City Sun Caps batting - Pitching for Calgary Lynx : RHP Jim Unknown
Now at 1B: Tom Craft
Now at 2B: Roberto Machado
Batting: SHB Dominique Prost 0-0: Called Strike
0-1: Ball
1-1: Ball
2-1: Ball
3-1: Base on Balls
Batting: RHB Eddie O'Bryan 0-0: Bunted foul
0-1: Bunted foul
0-2: Strikes out looking
Batting: RHB Jonah Moody 0-0: Called Strike
0-1: Swinging Strike
0-2: Foul Ball, location: 2F
0-2: Strikes out swinging
Batting: RHB Bryan Wilson 0-0: Ball
1-0: Ball
2-0: Called Strike
2-1: DOUBLE (Flyball, 7M)
Dominique Prost to third
Batting: RHB Christian O'Neal 0-0: Ball
1-0: Ground out 5-3 (Groundball, 5)
Bottom of the 10th over - 0 run(s), 1 hit(s), 0 error(s), 2 left on base; Calgary 6 - Jersey City 5
This league is powered by Out of the Park Baseball, the baseball management simulation game for PC, Mac and Linux
Friday, January 22nd, 2016 - OOTP Baseball 16.9 Build 39